 Dungeon Crawl Stone Soup version 0.31-a0-360-gb3e1d13bf4 (webtiles) character file.

Game seed: 13854059415342845545

80 CraigForest the Cudgeller (level 4, -5/27 HPs)
             Began as a Gargoyle Gladiator on July 26, 2023.
             Slain by a gnoll
             ... wielding a +0 halberd
              (12 damage)
             ... on level 2 of the Dungeon.
             The game lasted 00:07:31 (1128 turns).

CraigForest the Cudgeller (Gargoyle Gladiator)      Turns: 1128, Time: 00:07:32

Health: -5/27      AC: 12    Str: 19    XL:     4   Next: 39%
Magic:  4/4        EV: 10    Int:  9    God:
Gold:   64         SH:  0    Dex: 11    Spells: 3/3 levels left

rFire   . . .        a - +1 flail
rCold   . . .        (no shield)
rNeg    + . .        h - +0 scale mail
rPois   ∞            c - +0 helmet
rElec   +            (no cloak)
rCorr   .            (no gloves)
SInv    .            b - +0 pair of boots
Will    .....        (no amulet) Stlth
                     (no ring)
HPRegen 0.24/turn    (no ring)
MPRegen 0.09/turn

%: no passive effects
@: no status effects
A: sickness immunity, AC +3, negative energy resistance 1, electricity
resistance, torment resistance 1, petrification resistance
a: no special abilities


You were on level 2 of the Dungeon.
You visited 1 branch of the dungeon, and saw 2 of its levels.

You collected 64 gold pieces.

Inventory:

Hand Weapons
 a - a +1 flail (weapon)
Missiles
 d - 2 throwing nets (quivered)
 e - a javelin
Armour
 b - a +0 pair of boots (worn)
 c - a +0 helmet (worn)
 h - a +0 scale mail (worn)
Scrolls
 g - a scroll of torment
Potions
 f - 2 potions of attraction
 i - a potion of lignification
 j - 2 potions of resistance {unknown}
 k - a potion of magic {unknown}


   Skills:
 + Level 2.4 Fighting
 + Level 4.2 Maces & Flails
 - Level 2.0 Throwing
 + Level 1.5 Armour
 + Level 2.8 Dodging


You had 3 spell levels left.
You didn't know any spells.
Your spell library contained the following spells:

 Spells                   Type           Power      Damage    Failure   Level
 Freeze                   Ice            0%         1d3       77%         1
 Frozen Ramparts          Ice            0%         1d1       98%         3
 Hailstorm                Conj/Ice       0%         3d3       98%         3


Dungeon Overview and Level Annotations

Branches:
Dungeon (2/15)

Altars:


Innate Abilities, Weirdness & Mutations

You are immune to sickness and miasma.
Your stone body is resilient. (AC +3)
You are immune to poison.
You resist negative energy. (rN+)
You are resistant to electric shocks. (rElec)
You are resistant to unholy torment.
You are immune to petrification.


Message History

Aim: a gnoll, wielding a +0 spear (moderately wounded, 58% to hit)
You throw a throwing net. The throwing net hits the gnoll.
The gnoll is caught in the net!
The gnoll is moderately wounded.
Found a stone staircase leading down.
Found a sling.
A gnoll is nearby!
You see here a +0 sling.
A hobgoblin comes into view.
The hobgoblin shouts!
You sock the hobgoblin!
You kill the hobgoblin!
Things that are here:
a +0 robe; a hobgoblin corpse The gnoll hits you but does no damage.
There is an escape hatch in the ceiling here.
The gnoll hits you but does no damage. The gnoll barely misses you.
You hit the gnoll.
The gnoll is moderately wounded.
The gnoll hits you but does no damage. The gnoll misses you.
Unknown command.
You hit the gnoll.
The gnoll is moderately wounded.
The gnoll misses you.
You closely miss the gnoll.
The gnoll is moderately wounded.
The gnoll hits you but does no damage. x2
Unknown command.
You hit the gnoll.
The gnoll is heavily wounded.
The gnoll hits you but does no damage.
The gnoll hits you from afar with a +0 halberd.
You sock the gnoll!
You kill the gnoll!
The gnoll closely misses you. The gnoll hits you with a +0 halberd!
* * * LOW HITPOINT WARNING * * *
You closely miss the gnoll. The gnoll hits you but does no damage.
The gnoll hits you with a +0 halberd!
You die...

#.#....... #... #.......#
#######... #.......# #.........
#.......# #.####..#†
##############.......###.####..#.
....[....g.g...#.##........##..#.
################.##.####.#.##..#.
#g##.##...#.#...#.
##########@##.##.###.#.#.#.
#######........).##)##.###.#.#.#.
................<)............>#>
#######.###########.#.##.#.#'#...
#.##### #.#.##.#.....##
#.....#######......#.....#.
#.....'..................#.
##....########.......#'#†..
###### ##..####.#.###.


You could see a gnoll.

Vanquished Creatures
  2 adders (D:2)
  2 gnolls (D:2)
  A dart slug (D:2)
  3 ball pythons
  3 endoplasms
  4 goblins (D:1)
  8 hobgoblins
  2 jackals (D:1)
  A quokka (D:1)
  6 bats
  A frilled lizard (D:2)
  A kobold (D:1)
  6 rats
40 creatures vanquished.

Notes
Turn   | Place    | Note
-------+----------+-------------------------------------------
     0 | D:1      | CraigForest the Gargoyle Gladiator began the quest for the
                  | Orb.
     0 | D:1      | Reached XP level 1. HP: 12/12 MP: 1/1
   127 | D:1      | Reached XP level 2. HP: 17/17 MP: 2/2
   563 | D:1      | Reached XP level 3. HP: 21/21 MP: 3/3
   838 | D:2      | Reached skill level 1 in Armour
  1015 | D:2      | Reached XP level 4. HP: 27/27 MP: 4/4
  1047 | D:2      | Reached skill level 4 in Maces & Flails
  1059 | D:2      | HP: 1/27 [gnoll/+0 halberd (9)]
  1128 | D:2      | Slain by a gnoll

Illustrated notes

Levels and vault maps discovered:
D:1:      dpeg_arrival_tiny_f, layout_rooms, serial_corexii_hall,
          chequers_hall_statues_corner_a, chequers_hall_statues_y,
          chequers_hall_statues_y, roderic_roman_lattice, patterned_corridor
D:2:      layout_basic, dreamdust_ecumenical_altar_statues,
          minmay_misc_feat_rows

Skill      XL: |  1  2  3  4 |
---------------+-------------+-----
Throwing       | 2 |  2.0
Armour         | 1 |  1.5
Maces & Flails | 4 |  4.2
Fighting       | |  2.4
Dodging        | |  2.8

Action                     |  1- 3 |  4- 6 || total
---------------------------+-------+-------++-------
  Melee: Flail             |    95 |    17 ||   112
         Punch             |     1 |       ||     1
  Throw: Throwing net      |       |     2 ||     2
    Use: Scroll            |     6 |       ||     6
 Armour: Scale mail        |    41 |    14 ||    55
  Dodge: Dodged            |    64 |    17 ||    81

Table legend: (Time is in decaauts)
 A = Elapsed time spent in this place.
 B = Non-inter-level travel time spent in this place.
 C = Inter-level travel time spent in this place.
 D = Time resting spent in this place.
 E = Time spent auto-exploring this place.
 F = Levels seen in this place.
 G = Mean time per level.
                   A        B        C        D        E       F      G
               +--------+--------+--------+--------+--------+-----+--------+
         Total |   1151 |   1023 |    128 |      0 |    664 |   2 |  575.5 |
       Dungeon |   1151 |   1023 |    128 |      0 |    664 |   2 |  575.5 |
               +--------+--------+--------+--------+--------+-----+--------+

Top non-repeatable levels by time:
     D:1: 766 daAuts
     D:2: 384 daAuts
